 Dungeon Crawl Stone Soup version 0.29.0-13-gc9e81de378 (webtiles) character file.

Game seed: 10768733344097654814

556 apoch the Cleaver (level 7, -14/57 HPs)
             Began as a Minotaur Fighter on Sept 11, 2022.
             Was a Believer of Dithmenos.
             Demolished by a skeletal warrior
             ... wielding a +0 short sword
              (19 damage)
             ... on level 7 of the Dungeon.
             The game lasted 00:04:22 (3739 turns).

apoch the Cleaver (Minotaur Fighter)                Turns: 3739, Time: 00:04:23

Health: -14/57     AC: 10    Str: 22    XL:     7   Next: 8%
Magic:  6/6        EV:  9    Int:  5    God:    Dithmenos [**....]
Gold:   86         SH:  4    Dex: 10    Spells: 6/6 levels left

rFire   + . .      SeeInvis +   a - +0 war axe
rCold   . . .      Faith    .   c - +0 buckler
rNeg    . . .      Spirit   .   b - +0 scale mail
rPois   .          Reflect  .   (helmet restricted)
rElec   .          Harm     .   d - +2 cloak
rCorr   .          Rampage  .   (no gloves)
Will    .....                   (no boots)
Stlth   ..........              (no amulet)
HPRegen 0.19/turn               j - ring of see invisible
MPRegen 0.10/turn               k - ring of protection from fire

@: wreathed by umbra
A: horns 2, retaliatory headbutt
a: Renounce Religion, Shadow Step


You were on level 7 of the Dungeon.
You worshipped Dithmenos.
Dithmenos was pleased with you.
You visited 1 branch of the dungeon, and saw 5 of its levels.

You collected 114 gold pieces.
You spent 28 gold pieces at shops.

Inventory:

Hand Weapons
 a - a +0 war axe (weapon)
 r - a +0 battleaxe
Missiles
 v - 7 poisoned darts
Armour
 b - a +0 scale mail (worn)
 c - a +0 buckler (worn)
 d - a +2 cloak (worn)
Jewellery
 j - a ring of see invisible (left hand)
 k - a ring of protection from fire (right hand)
Scrolls
 e - 2 scrolls of torment {unknown}
 f - 4 scrolls of identify
 i - 3 scrolls of teleportation {unknown}
 o - a scroll of silence {unknown}
 p - 3 scrolls of magic mapping {unknown}
 s - a scroll of noise {unknown}
 u - a scroll of amnesia {unknown}
Potions
 g - a potion of cancellation
 h - a potion of heal wounds {unknown}
 l - 2 potions of mutation {unknown}
 m - a potion of berserk rage {unknown}
 n - 2 potions of haste {unknown}
 q - 2 potions of brilliance {unknown}
 t - a potion of attraction {unknown}
 w - 2 potions of flight {unknown}


   Skills:
 - Level 3.6 Fighting
 + Level 9.4 Axes
 - Level 3.6 Armour
 - Level 3.6 Shields


You had 6 spell levels left.
You didn't know any spells.
Your spell library was empty.

Dungeon Overview and Level Annotations

Branches:
Dungeon (4/15)
 Temple: D:4-7

Altars:
Dithmenos

Shops:
D:1 ?=[*?

Annotations:
D:7 2 runed translucent doors


Innate Abilities, Weirdness & Mutations

You have a pair of horns on your head.
You reflexively headbutt those who attack you in melee.


Message History

You barely miss the centaur.
The centaur is lightly wounded.
The centaur barely misses you.
The centaur kicks you but does no damage.
The centaur closely misses you. x2
You hit the centaur.
The centaur is heavily wounded.
You block the centaur's attack.
The centaur kicks you but does no damage.
You hit the centaur.
The centaur is severely wounded.
You block the centaur's attack. The centaur closely misses you.
The centaur hits you but does no damage.
You block the centaur's attack.
You slash the centaur!
You kill the centaur!
Dithmenos accepts your kill.
You have reached level 7!
You close the door, pushing everything out of the way.
You start resting.
A skeletal warrior opens the door.
It is wielding a +0 short sword.
It was a potion of cancellation.
You feel magically purged.
You hit the skeletal warrior but do no damage.
Your headbutt misses the skeletal warrior.
The skeletal warrior closely misses you.
You hit the skeletal warrior.
The skeletal warrior is lightly damaged.
The skeletal warrior hits you with a +0 short sword!
You hit the skeletal warrior.
The skeletal warrior is lightly damaged.
The skeletal warrior hits you with a +0 short sword!
* * * LOW HITPOINT WARNING * * *
You hit the skeletal warrior but do no damage.
The skeletal warrior is lightly damaged.
The skeletal warrior hits you with a +0 short sword!
* * * LOW HITPOINT WARNING * * *
You closely miss the skeletal warrior.
The skeletal warrior is lightly damaged.
The skeletal warrior hits you with a +0 short sword!!
You die...

###########
#.........##
#.#........##
#...######..#
#..##...c##.#
#...#
##)#.########
#...#
#.†#........#
#...#
#.#)z@##++##..
#.#.# #######
.8# #.#.# .8#
#.#.. ?#. #.
.. #. .


You could see a skeletal warrior.

Vanquished Creatures
  Sigmund (D:2)
  A centaur (D:7)
  A jelly (D:4)
  Crazy Yiuf (D:2)
  An iguana (D:7)
  Terence (D:2)
  3 gnolls (D:3)
  9 adders
  A white imp (D:4)
  2 worms (D:2)
  A dart slug (D:4)
  An orc (D:7)
  7 bats
  5 endoplasms
  2 giant cockroaches
  5 goblins
  4 hobgoblins
  13 ball pythons
  A frilled lizard (D:3)
  5 kobolds
  12 rats
77 creatures vanquished.

Notes
Turn   | Place    | Note
-------+----------+-------------------------------------------
     0 | D:1      | apoch the Minotaur Fighter began the quest for the Orb.
     0 | D:1      | Reached XP level 1. HP: 19/19 MP: 0/0
   112 | D:1      | Found a faded altar of an unknown god.
   123 | D:1      | Reached skill level 3 in Axes
   198 | D:1      | Prayed at the altar of an unknown god.
   198 | D:1      | Became a worshipper of Dithmenos the Shadowed
   198 | D:1      | Reached * piety under Dithmenos
   222 | D:1      | Reached XP level 2. HP: 22/26 MP: 1/1
   362 | D:1      | Found Jiech's Assorted Antiques.
   460 | D:1      | Found Miloxkea's Magic Scroll Boutique.
   470 | D:1      | Bought a scroll of identify for 28 gold pieces
   488 | D:1      | Found Ruuptyfif's Armour Emporium.
   583 | D:1      | Found Wuorar's Jewellery Shop.
   630 | D:1      | Found Xacric's Magic Scroll Emporium.
   963 | D:2      | Reached skill level 4 in Axes
  1152 | D:2      | Noticed Terence
  1163 | D:2      | Killed Terence
  1164 | D:2      | Reached XP level 3. HP: 18/31 MP: 2/2
  1167 | D:2      | Reached skill level 5 in Axes
  1484 | D:2      | Reached XP level 4. HP: 34/39 MP: 3/3
  1556 | D:2      | Noticed Sigmund
  1561 | D:2      | Reached ** piety under Dithmenos
  1571 | D:2      | Killed Sigmund
  1572 | D:2      | Reached skill level 7 in Axes
  1572 | D:2      | Reached XP level 5. HP: 37/45 MP: 4/4
  1786 | D:2      | Reached XP level 6. HP: 48/51 MP: 5/5
  2004 | D:2      | Found a shadowy altar of Dithmenos.
  2104 | D:2      | Found a runed translucent door.
  2105 | D:2      | Noticed Crazy Yiuf
  2200 | D:2      | Killed Crazy Yiuf
  2374 | D:3      | Reached skill level 8 in Axes
  3682 | D:4      | You fall into a shaft and drop 3 floors!
  3696 | D:7      | Found a large runed translucent door.
  3696 | D:7      | Found a large runed translucent door.
  3706 | D:7      | Reached skill level 9 in Axes
  3726 | D:7      | Reached XP level 7. HP: 39/57 MP: 6/6
  3734 | D:7      | Noticed a skeletal warrior
  3739 | D:7      | Demolished by a skeletal warrior

Illustrated notes

Levels and vault maps discovered:
D:1:      heliophobic_arrival_enchanted_forest, layout_basic, serial_shops,
          shop, shop, shop, shop, shop_statue, nicolae_ecumenical_snake_handling
D:2:      layout_loops_cross, basic_altar,
          nicolae_concentric_dashed_squares_mild, uniq_crazy_yiuf_cottage,
          uniq_sigmund, uniq_terence
D:3:      layout_loops_ring
D:4:      layout_gridville
D:7:      layout_cave_pools, minmay_temple_entry_junction,
          minmay_hollow_rounded_squares

Skill      XL: |  1  2  3  4  5  6 |
---------------+-------------------+-----
Axes           | 3 4 5 7 9 |  9.4
Fighting       | |  3.6
Armour         | |  3.6
Shields        | |  3.6

Action                   |  1- 3 |  4- 6 |  7- 9 || total
-------------------------+-------+-------+-------++-------
Melee: War axe           |    80 |   100 |     5 ||   185
       Headbutt          |    12 |    12 |       ||    24
Throw: Stone             |     5 |     5 |       ||    10
  Use: Potion            |       |     1 |     1 ||     2
Armor: Scale mail        |    33 |    34 |       ||    67
Dodge: Dodged            |    22 |    49 |     1 ||    72
Block: Buckler           |    18 |    19 |       ||    37
